 Dungeon Crawl Stone Soup version 0.30-a0-743-gbfdf073431 (webtiles) character file.

Game seed: 7337543504299464087

93207 DeathSun the Brawler (level 15, -8/138 HPs)
             Began as a Red Draconian Transmuter on Feb 8, 2023.
             Was the Champion of Qazlal.
             Mangled by a spriggan defender simulacrum (12 damage)
             ... on level 1 of the Shoals.
             The game lasted 01:17:44 (24256 turns).

DeathSun the Brawler (Red Draconian Transmuter)    Turns: 24256, Time: 01:17:44

Health: -8/138     AC: 16    Str: 18    XL:     15   Next: 60%
Magic:  17/22      EV: 14    Int: 18    God:    Qazlal [******]
Gold:   3205       SH:  8    Dex: 12    Spells: 1/18 levels left

rFire   + . .      SeeInvis .      - Unarmed
rCold   + . .      Faith    .    (no shield)
rNeg    . . .      Spirit   .    (body armour unavailable)
rPois   .          Reflect  .    (helmet currently unavailable)
rElec   .          Harm     .    s - +0 cloak
rCorr   .          Rampage  .    X - +2 pair of gloves {Str+3}
Will    +....                    (boots currently unavailable)
Stlth   +                        F - amulet of regeneration
HPRegen 1.23/turn                p - ring of protection from cold
MPRegen 0.18/turn                z - ring of wizardry

@: swift, appendages, protected from physical damage, studying Ranged Weapons,
repel missiles, quick
A: horns 2, talons 2, breathe fire, AC +9, unfitting armour, fire resistance 1,
cold-blooded
a: Breathe Fire, End Transformation, Renounce Religion, Upheaval, Elemental
Force, Disaster Area


You were on level 1 of the Shoals.
You worshipped Qazlal.
Qazlal was exalted by your worship.
You had temporarily grown beastly horns and talons.
You visited 6 branches of the dungeon, and saw 24 of its levels.
You also visited: Sewer, Bailey and Gauntlet.

You collected 4263 gold pieces.
You spent 1058 gold pieces at shops.

Inventory:

Missiles
 A - 2 throwing nets
 Y - 3 boomerangs of dispersal (quivered)
Armour
 s - a +0 cloak (worn)
 K - a +0 pair of boots of flying (melded)
 X - a +2 pair of gloves of strength (worn)
Jewellery
 e - an amulet of reflection
 k - an amulet of faith
 p - a ring of protection from cold (left hand)
 y - an amulet of magic regeneration
 z - a ring of wizardry (right hand)
 F - an amulet of regeneration (around neck)
 N - a +6 ring of dexterity
 R - a ring of flight
 S - a ring of positive energy
 T - a +4 ring of protection
 W - the ring of Xauquq {*Slow rN+ MP+9 Str+5}
   (You found it in a Gauntlet)

   [ring of magical power]

   Str:       It affects your strength (+5).
   rN:        It protects you from negative energy.
   MP:        It affects your magic capacity (+9).
   *Slow:     It may slow you when you take damage.
Wands
 c - a wand of charming (18)
 n - a wand of flame (18)
 C - a wand of roots (16)
 D - a wand of polymorph (18)
 P - a wand of acid (3)
Scrolls
 f - 7 scrolls of teleportation
 h - 2 scrolls of identify
 i - 3 scrolls of vulnerability
 l - 4 scrolls of blinking
 m - a scroll of brand weapon
 q - 3 scrolls of amnesia
 u - 3 scrolls of magic mapping
 v - 6 scrolls of fear
 w - 4 scrolls of immolation
 x - 2 scrolls of enchant weapon
 B - 2 scrolls of butterflies
 E - 3 scrolls of poison
 I - 2 scrolls of enchant armour
 L - 4 scrolls of fog
 Q - a scroll of torment
 Z - a scroll of silence
Potions
 a - 6 potions of lignification
 b - 4 potions of curing
 d - 7 potions of resistance
 g - 6 potions of heal wounds
 j - 3 potions of brilliance
 r - 5 potions of haste
 t - 2 potions of attraction
 G - 4 potions of berserk rage
 H - a potion of mutation {unknown}
 J - 9 potions of flight
 M - 4 potions of might
 U - 2 potions of magic {unknown}
Miscellaneous
 O - a phial of floods
 V - a lightning rod (2/4)


   Skills:
 - Level 14.0 Fighting
 - Level 6.0 Dodging
 * Level 19.9 Unarmed Combat
 - Level 2.0 Spellcasting
 * Level 8.5 Transmutations
 - Level 4.0 Ice Magic
 - Level 4.0 Air Magic
 * Level 2.6 Earth Magic
 - Level 3.0 Poison Magic
 - Level 10.0 Invocations


You had one spell level left.
You knew the following spells:

 Your Spells              Type           Power      Damage    Failure   Level
a - Beastly Appendage     Tmut           64%        N/A       1%          1
b - Spider Form           Tmut/Pois      22%        N/A       1%          3
c - Swiftness             Air            16%        N/A       4%          3
d - Ice Form              Ice/Tmut       24%        N/A       6%          4
e - Statue Form           Tmut/Erth      14%        N/A       71%         6

Your spell library contained the following spells:

 Spells                   Type           Power      Damage    Failure   Level
 Shock                    Conj/Air       36%        1d5       3%          1
 Magic Dart               Conj           4%         1d3       8%          1
 Necrotise                Necr           4%         1d4       8%          1
 Slow                     Hex            4%         N/A       8%          1
 Wereblood                Tmut           32%        N/A       1%          2
 Ensorcelled Hibernation  Hex/Ice        18%        N/A       4%          2
 Ozocubu's Armour         Ice            16%        N/A       4%          3
 Petrify                  Tmut/Erth      21%        N/A       8%          4
 Blink                    Tloc           2%         N/A       11%         2
 Lesser Beckoning         Tloc           2%         N/A       11%         2
 Momentum Strike          Conj/Tloc      2%         3d8       11%         2
 Searing Ray              Conj           2%         2d4       11%         2
 Sublimation of Blood     Necr           1%         N/A       11%         2
 Airstrike                Air            8%         2d(2-18)  14%         4
 Confusing Touch          Hex            1%         N/A       21%         3
 Gell's Gravitas          Tloc           1%         N/A       21%         3
 Inner Flame              Hex/Fire       1%         N/A       21%         3
 Teleport Other           Tloc           1%         N/A       21%         3
 Vampiric Draining        Necr           1%         2d6       21%         3
 Irradiate                Conj/Tmut      8%         3d14      32%         5
 Leda's Liquefaction      Hex/Erth       3%         N/A       38%         4
 Cause Fear               Hex            0%         N/A       54%         4
 Flame Wave               Conj/Fire      1%         2d4       54%         4
 Fulminant Prism          Conj/Hex       0%         3d5       54%         4
 Sticky Flame             Conj/Fire      1%         2d3       54%         4
 Metabolic Englaciation   Hex/Ice        4%         N/A       61%         5
 Silence                  Hex/Air        4%         N/A       61%         5
 Agony                    Necr           1%         N/A       86%         5
 Fireball                 Conj/Fire      0%         3d3       86%         5
 Iskenderun's Battlesphe  Conj           1%         2d6       86%         5
 Conjure Ball Lightning   Conj/Air       4%         3x3d6     99%         6
 Enfeeble                 Hex            0%         N/A       100%        7
 Orb of Destruction       Conj           0%         9d5       100%        7
 Ozocubu's Refrigeration  Ice            8%         4d9       100%        7
 Discord                  Hex            0%         N/A       100%        8


Dungeon Overview and Level Annotations

Branches:
Dungeon (14/15)            Temple (0/1) D:4            Lair (5/5) D:10
 Shoals (1/4) Lair:3        Snake (1/4) Lair:3        Slime (0/5) Lair:5
    Orc (2/2) D:12            Elf (1/3) Orc:2        Vaults (0/5) D:13
  Sewer (visited)          Bailey (visited)         Gauntlet (visited)

Altars:
Dithmenos
Elyvilon
Hepliaklqana
Makhleb
Qazlal
Ru
Sif Muna
Vehumet
Xom
Yredelemnul
The Shining One
Jiyva
Lugonu

Shops:
D:2 *   D:4 :   D:8 *((   D:11 :*   D:12 (   Orc:1 :!   Orc:2 (?:[

Portals:
Abyss: Lair:5
Ice
Cave: Shoals:1

Annotations:
D:2 Terence
D:14 Rupert
Lair:3 exclusion: 3 oklob plants
Shoals:1 Roxanne


Innate Abilities, Weirdness & Mutations

You have temporarily grown beastly horns and talons.
You can breathe blasts of fire.
Your fiery red scales are hard. (AC +9)
You cannot fit into any form of body armour.
Your flesh is heat resistant. (rF+)
You are cold-blooded and may be slowed by cold attacks.


Message History

You block the spriggan defender simulacrum's attack.
You punch the minotaur simulacrum!
The minotaur simulacrum vaporises!
Qazlal accepts your kill.
The spriggan defender simulacrum hits you!
* * * LOW HITPOINT WARNING * * *
The spriggan defender simulacrum freezes you!!
You resist.
* * * LOW HITPOINT WARNING * * *
You feel much better.
The spriggan defender simulacrum closely misses you.
A sea snake comes into view.
Casting: Beastly Appendage (safe; 1% risk of failure)
Confirm with . or Enter, or press ? or * to list all spells.
You feel quick.
The spriggan defender simulacrum hits you but does no damage.
The spriggan defender simulacrum is struck by lightning.
The dire elephant simulacrum barely misses you.
You block the dire elephant simulacrum's attack.
The spriggan defender simulacrum is struck by lightning.
The spriggan defender simulacrum completely misses you.
The spriggan defender simulacrum attacks as you move away!
The spriggan defender simulacrum hits you but does no damage.
The spriggan defender simulacrum attacks as you move away!
The spriggan defender simulacrum hits you.
* * * LOW HITPOINT WARNING * * *
The spriggan defender simulacrum freezes you!!
You resist.
* * * LOW HITPOINT WARNING * * *
The spriggan defender simulacrum attacks as you move away!
The spriggan defender simulacrum misses you.
You hit the spriggan defender simulacrum.
Your headbutt misses the spriggan defender simulacrum.
The spriggan defender simulacrum is almost destroyed.
The spriggan defender simulacrum hits you but does no damage.
The spriggan defender simulacrum hits you!
* * * LOW HITPOINT WARNING * * *
The spriggan defender simulacrum freezes you!
You resist.
You die...

# ##~~.........~...~...
~~ #~~...†...~..)~~.~~.
.~~ ##~>.....~~~~~~~~~≈≈
#8~ #(~$...~~~~~≈≈≈≈≈≈≈
#.~ ##~~..†~~≈≈≈≈≈≈≈≈≈≈
#.~##~~~†~~~≈≈≈≈≈≈≈≈≈≈
#.~'~~§~~~~≈≈≈≈≈≈≈≈≈≈
####~§~~~~~~≈≈≈≈≈≈≈≈≈
##@§○.~~~~≈≈≈≈≈≈≈≈
#.ZZ...~~~≈≈≈≈≈≈≈
##..°...~≈≈≈≈≈≈≈
#Z.°....~~≈≈≈≈
##.......~~≈≈≈
##S.......~~≈≈≈
###.Z.......~~~≈≈
########...#######.~~~≈≈
.........~~..# ...~~


You could see a sea snake, a dire elephant simulacrum, 2 spriggan defender
simulacra and a deep troll simulacrum.

Vanquished Creatures
  Donald (Orc:2)
  A fire giant (D:12)
  Nessos (D:12)
  Azrael (Orc:2)
  A minotaur (Gauntlet)
  A hydra (Lair:4)
  3 boulder beetles
  15 two-headed ogres
  3 ogre magi
  2 tengu warriors (D:13)
  4 death yaks (Lair:5)
  3 thrashing horrors (Lair:5)
  An orc high priest (D:12)
  Nergalle (Orc:1)
  2 sea snakes (Shoals:1)
  2 deep trolls (Orc:1)
  2 orc knights
  A spriggan simulacrum (Shoals:1)
  6 large abominations
  3 deep elf pyromancers
  A deep elf zephyrmancer (D:13)
  8 harpies (Shoals:1)
  9 ugly things
  11 cyclopes
  Maurice (D:8)
  4 manticores
  3 elephants (Lair:5)
  5 black mambas
  A rime drake (Lair:3)
  17 cane toads
  3 gargoyles
  A smoke demon (Lair:5)
  8 komodo dragons
  3 unseen horrors
  An unseen horror zombie (D:8)
  An ancient zyme (Lair:5)
  11 trolls
  A merfolk (Shoals:1)
  2 hornets
  A polar bear (shapeshifter) (D:13)
  A polar bear (Lair:5)
  38 blink frogs
  6 dream sheep (Lair:5)
  4 slime creatures
  Prince Ribbit (D:7)
  A spriggan (shapeshifter) (Lair:5)
  4 wraiths
  A shadow (D:11)
  A yak (shapeshifter) (D:13)
  5 wyverns
  3 ynoxinuls (Lair:5)
  3 fire elementals (Orc:1)
  34 yaks
  A basilisk (Lair:5)
  A steam dragon (D:8)
  A minotaur simulacrum (Shoals:1)
  6 vampire mosquitoes (D:12)
  A neqoxec (Gauntlet)
  3 chaos spawn
  Menkaure (D:7)
  5 wargs
  4 nagas (Lair:3)
  7 acid dragons
  3 hell hounds (Orc:1)
  13 water moccasins
  A floating eye (Lair:3)
  2 sky beasts
  25 orc warriors
  2 ice beasts
  3 black bears
  25 ogres
  A wolf (shapeshifter) (D:12)
  19 wolves
  3 centaurs
  2 phantoms
  21 small abominations
  12 bullfrogs
  4 scorpions
  A gnoll sergeant (D:9)
  2 necrophages
  5 wights (D:8)
  5 killer bees (D:10)
  A howler monkey (D:4)
  A vampire bat (Lair:4)
  4 hounds
  2 gnoll boudas
  7 orc priests
  A jelly (D:5)
  4 iguanas
  11 orc wizards
  A killer bee zombie (D:8)
  14 gnolls
  9 adders
  4 river rats
  A shadow imp (D:7)
  3 white imps
  2 ufetubi
  2 worms
  5 dart slugs
  61 orcs
  5 endoplasms
  2 giant cockroaches
  10 goblins
  10 hobgoblins
  7 jackals
  9 quokkas
  14 ball pythons
  13 bats
  4 frilled lizards
  17 kobolds
  9 rats
660 creatures vanquished.

Vanquished Creatures (collateral kills)
  A two-headed ogre (Orc:2)
  A large abomination (Lair:5)
  A troll (Orc:2)
  2 wind drakes (Shoals:1)
  A ynoxinul (Lair:5)
  A basilisk (Lair:5)
  An ogre (Orc:2)
8 creatures vanquished.

Vanquished Creatures (others)
  A harpy simulacrum (Shoals:1)
  An orc (Orc:2)
  31 fungi
  39 plants
72 creatures vanquished.

Grand Total: 740 creatures vanquished

Notes
Turn   | Place    | Note
-------+----------+-------------------------------------------
     0 | D:1      | DeathSun the Draconian Transmuter began the quest for the
                  | Orb.
     0 | D:1      | Reached XP level 1. HP: 16/16 MP: 3/3
   133 | D:1      | Reached XP level 2. HP: 23/23 MP: 3/5
   140 | D:1      | Reached skill level 1 in Poison Magic
   178 | D:1      | Found a faded altar of an unknown god.
   189 | D:1      | Prayed at the altar of an unknown god.
   189 | D:1      | Became a worshipper of Qazlal Stormbringer
   189 | D:1      | Reached * piety under Qazlal
   494 | D:1      | Reached XP level 3. HP: 28/28 MP: 4/6
   840 | D:2      | Noticed Terence
  1004 | D:2      | Reached ** piety under Qazlal
  1021 | D:2      | Found Totuczai's Assorted Antiques.
  1327 | D:2      | Reached XP level 4. HP: 35/35 MP: 5/7
  1750 | D:3      | Found a glowing drain.
  1754 | Sewer    | Entered a sewer
  1840 | Sewer    | Reached skill level 4 in Unarmed Combat
  2050 | Sewer    | Reached XP level 5. HP: 40/40 MP: 6/8
  2180 | Sewer    | Reached *** piety under Qazlal
  2237 | Sewer    | Learned a level 3 spell: Spider Form
  2982 | D:3      | Found a glowing golden altar of the Shining One.
  3115 | D:4      | Noticed a black bear
  3320 | D:4      | Found a staircase to the Ecumenical Temple.
  3324 | D:4      | Reached XP level 6. HP: 47/47 MP: 9/9
  3475 | D:4      | Found Juipn's Book Shoppe.
  3547 | D:3      | Reached skill level 5 in Unarmed Combat
  3644 | D:4      | Found a sacrificial altar of Ru.
  3850 | D:4      | Your scales start taking on a fiery red colour.
  3850 | D:4      | Reached XP level 7. HP: 50/52 MP: 8/10
  3850 | D:4      | Gained mutation: Your flesh is heat resistant. (rF+) [Red
                  | Draconian growth]
  3872 | D:4      | Reached skill level 6 in Unarmed Combat
  3872 | D:4      | Reached skill level 5 in Transmutations
  4113 | D:5      | Entered Level 5 of the Dungeon
  4177 | D:5      | Found a hazy altar of Hepliaklqana.
  4350 | D:5      | Reached skill level 1 in Invocations
  4355 | D:5      | Reached skill level 7 in Unarmed Combat
  4403 | D:5      | Reached XP level 8. HP: 43/59 MP: 9/11
  4698 | D:5      | Found a shadowy altar of Dithmenos.
  5517 | D:6      | Learned a level 3 spell: Swiftness
  5606 | D:6      | Reached skill level 8 in Unarmed Combat
  5606 | D:6      | Reached skill level 1 in Air Magic
  5695 | D:6      | Found a shimmering altar of Xom.
  5697 | D:6      | Found a shimmering altar of Xom.
  5698 | D:6      | Found a shimmering altar of Xom.
  5698 | D:6      | Found a shimmering altar of Xom.
  5708 | D:6      | Found a shimmering altar of Xom.
  5708 | D:6      | Found a shimmering altar of Xom.
  5708 | D:6      | Found a shimmering altar of Xom.
  5722 | D:6      | Found a shimmering altar of Xom.
  5737 | D:6      | Reached **** piety under Qazlal
  5839 | D:6      | Found a stormy altar of Qazlal.
  6006 | D:7      | Noticed Menkaure
  6017 | D:7      | Killed Menkaure
  6463 | D:7      | Reached XP level 9. HP: 48/64 MP: 9/12
  6707 | D:7      | Reached skill level 9 in Unarmed Combat
  6741 | D:7      | Noticed Prince Ribbit
  6755 | D:7      | Killed Prince Ribbit
  6756 | D:7      | Reached skill level 5 in Invocations
  7102 | D:8      | Found Tul Biur's Weapon Emporium.
  7117 | D:8      | Noticed Maurice
  7132 | D:8      | Killed Maurice
  7133 | D:8      | Reached skill level 10 in Unarmed Combat
  7523 | D:8      | Found a shimmering blue altar of Sif Muna.
  7581 | D:8      | Reached skill level 11 in Unarmed Combat
  7630 | D:8      | Found a basalt altar of Yredelemnul.
  7878 | D:8      | Found Nuriurphi's Weapon Shoppe.
  8192 | D:8      | Found Ajogumu's Assorted Antiques.
  8222 | D:8      | Identified a scroll of acquirement
  8231 | D:8      | Acquired 1092 gold pieces
  8511 | D:9      | Reached ***** piety under Qazlal
  8631 | D:9      | Reached XP level 10. HP: 68/73 MP: 9/13
  8950 | D:9      | Reached skill level 12 in Unarmed Combat
  9018 | D:9      | Identified the +9 long sword of Axafaex {freeze, rElec rC+
                  | Int+3}
  9166 | D:9      | Found a white marble altar of Elyvilon.
  9283 | D:10     | Entered Level 10 of the Dungeon
  9619 | D:10     | Found a burning altar of Makhleb.
  9630 | D:10     | Noticed a two-headed ogre
  9637 | D:10     | Killed a two-headed ogre
  9687 | D:10     | Noticed a gargoyle
  9692 | D:10     | Killed a gargoyle
  9842 | D:10     | Found a flagged portal.
  9863 | Bailey   | Entered a bailey
 10008 | Bailey   | Reached skill level 13 in Unarmed Combat
 10031 | Bailey   | Reached XP level 11. HP: 78/85 MP: 12/15
 10109 | Bailey   | Identified the +8 plate armour "Lon Ysod" {Stlth+}
 10606 | D:10     | Found a staircase to the Lair.
 10685 | D:10     | Paralysed by a hornet for 3 turns
 10697 | D:10     | Reached skill level 5 in Fighting
 10942 | D:11     | Noticed a two-headed ogre
 10955 | D:11     | Killed a two-headed ogre
 10975 | D:11     | Found Teujuir's Book Shoppe.
 11090 | D:11     | Reached skill level 5 in Dodging
 11189 | D:11     | Identified the +6 halberd of Zirphi Mucun {speed, +Blink
                  | rF+ rC-}
 11219 | D:11     | Found Wipt's General Store.
 11405 | D:11     | Bought a scroll of identify for 22 gold pieces
 11405 | D:11     | Bought a scroll of noise for 11 gold pieces
 11405 | D:11     | Bought 2 potions of heal wounds for 110 gold pieces
 11564 | D:12     | Noticed Nessos
 11680 | Lair:1   | Entered Level 1 of the Lair of Beasts
 12066 | Lair:1   | Reached skill level 14 in Unarmed Combat
 12929 | Lair:2   | Reached ****** piety under Qazlal
 12967 | Lair:2   | Paralysed by a hornet for 3 turns
 13055 | Lair:2   | Reached XP level 12. HP: 83/97 MP: 15/17
 13765 | Lair:2   | Learned a level 4 spell: Ice Form
 13796 | Lair:3   | Paralysed by a floating eye for 4 turns
 13963 | Lair:3   | Reached skill level 1 in Ice Magic
 14342 | Lair:3   | Reached skill level 15 in Unarmed Combat
 14348 | Lair:3   | Found a staircase to the Shoals.
 14409 | Lair:3   | Found a staircase to the Snake Pit.
 14976 | Lair:4   | Noticed a boulder beetle
 14991 | Lair:4   | Killed a boulder beetle
 16118 | Lair:5   | Entered Level 5 of the Lair of Beasts
 16118 | Lair:5   | Noticed a five-headed hydra
 16133 | Lair:4   | Killed a five-headed hydra
 16134 | Lair:4   | Reached XP level 13. HP: 91/111 MP: 3/19
 16872 | Lair:5   | Reached skill level 10 in Fighting
 17209 | Lair:5   | Reached skill level 16 in Unarmed Combat
 17623 | Lair:5   | Found a staircase to the Slime Pits.
 17625 | Lair:5   | Found a viscous altar of Jiyva.
 18386 | Lair:5   | Found a corrupted altar of Lugonu.
 18386 | Lair:5   | Found a one-way gate to the infinite horrors of the Abyss.
 18576 | Snake:1  | Entered Level 1 of the Snake Pit
 18593 | Lair:3   | Reached XP level 14. HP: 122/126 MP: 20/20
 18884 | D:12     | Killed Nessos
 19160 | D:12     | Reached skill level 17 in Unarmed Combat
 19250 | D:12     | Found Cicwotzuc's Weapon Shop.
 19250 | D:12     | Found a staircase to the Orcish Mines.
 20025 | D:12     | Noticed a fire giant
 20045 | D:12     | Killed a fire giant
 20072 | D:12     | Identified the +3 scale mail of Muttered Phrases {Dex+2}
 20108 | D:12     | Identified the +3 rapier "Goerebb" {heavy, rPois Str+2}
 20149 | D:12     | Identified the +1 plate armour of Poor Excuses {rElec Int+3
                  | Dex+4}
 20292 | D:13     | Found a gate leading to a gauntlet.
 20299 | Gauntlet | Entered a Gauntlet
 20299 | Gauntlet | Found a transporter.
 20299 | Gauntlet | Found a transporter.
 20301 | Gauntlet | Found a runed translucent door.
 20302 | Gauntlet | Found a transporter.
 20320 | Gauntlet | Found a transporter.
 20322 | Gauntlet | Found a transporter.
 20332 | Gauntlet | Found a transporter.
 20334 | Gauntlet | Found a transporter.
 20337 | Gauntlet | Noticed a quicksilver ooze
 20343 | Gauntlet | Found a transporter.
 20363 | Gauntlet | Found a transporter.
 20381 | Gauntlet | Found a transporter.
 20385 | Gauntlet | Found a transporter.
 20396 | Gauntlet | Found a transporter.
 20507 | Gauntlet | Identified the ring of Xauquq {*Slow rN+ MP+9 Str+5}
 20805 | Gauntlet | Got the Quarto of Beguiling
 21101 | D:13     | Reached skill level 18 in Unarmed Combat
 21615 | D:13     | Found a gate to the Vaults.
 21814 | D:14     | Noticed Rupert
 21837 | D:14     | HP: 5/132 [Rupert/+5 great mace of protection (29)]
 21980 | Orc:1    | Entered Level 1 of the Orcish Mines
 22143 | Orc:1    | Found Ycodwuar's Distillery.
 22161 | Orc:1    | Bought a potion of heal wounds for 60 gold pieces
 22161 | Orc:1    | Bought a potion of heal wounds for 60 gold pieces
 22161 | Orc:1    | Bought a potion of heal wounds for 60 gold pieces
 22161 | Orc:1    | Bought a potion of heal wounds for 60 gold pieces
 22161 | Orc:1    | Bought a potion of heal wounds for 60 gold pieces
 22161 | Orc:1    | Bought a potion of might for 48 gold pieces
 22290 | Orc:2    | Entered Level 2 of the Orcish Mines
 22311 | Orc:2    | Noticed Azrael
 22399 | Orc:1    | Reached XP level 15. HP: 138/138 MP: 22/22
 22460 | Orc:1    | Reached skill level 10 in Invocations
 22478 | Orc:2    | Killed Azrael
 22550 | Orc:2    | Noticed Donald
 22576 | Orc:1    | Found a radiant altar of Vehumet.
 22692 | Orc:1    | Noticed Nergalle
 22704 | Orc:1    | Killed Nergalle
 22829 | Orc:1    | Found Uxtogium's Book Shoppe.
 22975 | Orc:1    | Reached skill level 19 in Unarmed Combat
 23282 | Orc:2    | Killed Donald
 23350 | Orc:2    | Found Futaybb's Weapon Shoppe.
 23356 | Orc:2    | Found Ciutowni's Book Emporium.
 23399 | Orc:2    | Found a staircase to the Elven Halls.
 23402 | Orc:2    | Found Goeradi's Antique Armour Boutique.
 23404 | Orc:2    | Bought a book of Sloth for 432 gold pieces
 23411 | Orc:2    | Learned a level 6 spell: Statue Form
 23444 | Orc:2    | Found Vixtirhi's Magic Scroll Emporium.
 23453 | Orc:2    | Bought a scroll of magic mapping for 135 gold pieces
 23735 | Elf:1    | Entered Level 1 of the Elven Halls
 23741 | Elf:1    | Paralysed by an orc sorcerer for 5 turns
 24005 | Shoals:1 | Entered Level 1 of the Shoals
 24019 | Shoals:1 | Identified Roxanne's Guidebook on Changing
 24019 | Shoals:1 | Noticed Roxanne
 24030 | Shoals:1 | Reached skill level 1 in Earth Magic
 24232 | Shoals:1 | Found a frozen archway.
 24256 | Shoals:1 | HP: 4/138 [spriggan defender simulacrum (16)]
 24256 | Shoals:1 | Mangled by a spriggan defender simulacrum

Illustrated notes

Levels and vault maps discovered:
D:1:      lemuel_arrival_behind_the_door_small, layout_rooms,
          ebering_ecumenical_altar_ruins, hangedman_feature_mirror
D:2:      layout_basic, serial_shops, shop, uniq_terence
D:3:      layout_rooms, amcnicky_altar_gilded, gup_sewer_entry_bowl,
          kennysheep_small_spiral
D:4:      layout_basic, mainiacjoe_overflow_cross_hatched,
          minmay_temple_entry_wispy, kennysheep_windowed_goal
D:5:      layout_basic, nicolae_hepliaklqana_hazy_memory,
          nicolae_dithmenos_the_darkroom, nicolae_figureground_pulse
D:6:      layout_cave_pools, xom_redecorated, grunt_qazlal_sundering
D:7:      layout_loops_cross, uniq_menkaure, uniq_prince_ribbit1
D:8:      layout_cave_pods, lemuel_zombie_altar_yredelemnul,
          nicolae_sif_muna_condensation, serial_shops, kennysheep_little_box,
          nicolae_square_shop, shop, dk_noncrumbling_3, uniq_maurice
D:9:      layout_loops_cross, elyvilon_altar_4
D:10:     layout_cave_pools, nicolae_overflow_crystal_walls,
          minmay_lair_entry_grove, enter_bailey_5, kennysheep_generic_room_11
D:11:     layout_cross, serial_shops, shop_coins, shop_fountains
D:12:     minmay_the_grid_square_5x5_4x4
          [minmay_the_grid_square_5x5_beaten_path,
          minmay_the_grid_square_5x5_inner_v, minmay_the_grid_square_5x5_corner,
          minmay_the_grid_square_5x5_fat_x,
          minmay_the_grid_square_5x5_broken_cross,
          minmay_the_grid_square_5x5_prize_snowflake,
          minmay_the_grid_square_5x5_prize_open,
          minmay_the_grid_square_5x5_comb, minmay_the_grid_square_5x5_inset,
          minmay_the_grid_square_5x5_prize_monsterx,
          minmay_the_grid_square_5x5_prize_waves,
          minmay_the_grid_square_5x5_spiral_small,
          minmay_the_grid_square_5x5_lines, minmay_the_grid_square_5x5_spiral,
          minmay_the_grid_square_5x5_c, minmay_the_grid_square_5x5_n],
          layout_cave_pools, orc_david_3, uniq_nessos
D:13:     layout_basic, david_vaults_1, gauntlet_entry_generic,
          nrook_loot_triangle, chequers_serial_rivers_micro_b
D:14:     kennysheep_big_flooded_room, layout_cave_pods, uniq_rupert
Lair:1:   layout_cave_pods, infiniplex_staircase_pool_2
Lair:2:   layout_long_grid, grunt_forest_small_clearing_treed,
          grunt_megastairs_1, serial_bayou_shore_b
Lair:3:   layout_hall_layers, shoals_dummy_entry,
          minmay_snake_entry_guardpost_small, disabler_island,
          grunt_megastairs_2
Lair:4:   layout_layer_cave
Lair:5:   hellmonk_lair_end_abyssal_woods, layout_gridlike, slime_entry_1,
          roderic_batcave
Shoals:1: cheibrodos_shoals_gigantism, layout_shoals,
          portal_ice_cave_entry_ice_simulacra, uniq_roxanne
Snake:1:  layout_cave_shapes, grunt_ministairs_3
Orc:1:    layout_caves, serial_shops, shop, shop, basic_altar, uniq_nergalle
Orc:2:    st_orc_open, layout_diamond_mine, uniq_donald, uniq_azrael
Elf:1:    elf_arrival_002, layout_gridlike, serial_shops,
          nicolae_shop_window_shopping, serial_corexii_hall,
          corexii_hall_statues_i, corexii_hall_statues_t,
          minmay_elf_crystal_hexagon

Skill      XL: |  1  2  3  4  5  6  7  8  9 10 11 12 13 14 15 |
---------------+----------------------------------------------+-----
Poison Magic   | 1 2 3 |  3.0
Transmutations | 3 4 5 6 8 |  8.5
Unarmed Combat | 4 5 7 8 11 13 14 15 16 18 19 | 19.9
Invocations    | 2 4 5 7 8 9 10 | 10.0
Air Magic      | 2 3 4 |  4.0
Dodging        | 2 4 6 |  6.0
Fighting       | 4 6 9 12 14 | 14.0
Ice Magic      | 3 4 |  4.0
Earth Magic    | 2 |  2.6
Spellcasting   | |  2.0

Action                     |  1- 3 |  4- 6 |  7- 9 | 10-12 | 13-15 || total
---------------------------+-------+-------+-------+-------+-------++-------
  Melee: Unarmed           |    95 |   187 |   283 |   514 |   851 ||  1930
         Tailslap          |    15 |    21 |    13 |    16 |    22 ||    87
         Kick              |    17 |    40 |    16 |    21 |    25 ||   119
         Headbutt          |    14 |    25 |    10 |    16 |    19 ||    84
         Punch             |     1 |     1 |     1 |    12 |    13 ||    28
  Throw: Dart              |       |       |       |       |     4 ||     4
   Cast: Beastly Appendage |    30 |    34 |    11 |    12 |    11 ||    98
         Spider Form       |       |     1 |    33 |    47 |    34 ||   115
         Swiftness         |       |       |     1 |     3 |     8 ||    12
         Ice Form          |       |       |       |    12 |    47 ||    59
 Invoke: Disaster Area     |       |       |       |     1 |     2 ||     3
         Elemental Force   |       |       |       |     1 |     3 ||     4
         Upheaval          |       |       |       |       |     1 ||     1
Ability: End Transformatio |       |       |       |     2 |     3 ||     5
         Breathe Fire      |       |       |       |     1 |     2 ||     3
  Evoke: Wand              |       |       |       |     5 |     6 ||    11
         Lightning rod     |       |       |       |       |     4 ||     4
         Phial of floods   |       |       |       |       |     1 ||     1
    Use: Scroll            |       |       |    12 |    15 |     6 ||    33
         Potion            |       |       |       |     4 |     6 ||    10
   Stab: Distracted        |       |       |       |       |     1 ||     1
 Armour: Skin              |    25 |    28 |    21 |    82 |   233 ||   389
  Dodge: Dodged            |    65 |    80 |   127 |   284 |   507 ||  1063
         Repelled          |       |       |     2 |     2 |     8 ||    12
  Block: Other             |    23 |    73 |   123 |   211 |   297 ||   727
         Reflection        |     1 |     5 |     3 |     8 |     3 ||    20

Table legend: (Time is in decaauts)
 A = Elapsed time spent in this place.
 B = Non-inter-level travel time spent in this place.
 C = Inter-level travel time spent in this place.
 D = Time resting spent in this place.
 E = Time spent auto-exploring this place.
 F = Levels seen in this place.
 G = Mean time per level.
                   A        B        C        D        E       F      G
               +--------+--------+--------+--------+--------+-----+--------+
         Total |  23888 |  22504 |   1384 |      0 |  17276 |  27 |  884.7 |
       Dungeon |  13311 |  12704 |    607 |      0 |  10062 |  14 |  950.8 |
          Lair |   6964 |   6333 |    631 |      0 |   5096 |   5 | 1392.8 |
        Shoals |    232 |    232 |      0 |      0 |     49 |   1 |  232.0 |
     Snake Pit |      9 |      9 |      0 |      0 |      0 |   1 |    9.0 |
  Orcish Mines |   1743 |   1598 |    145 |      0 |   1114 |   2 |  871.5 |
   Elven Halls |     11 |     11 |      0 |      0 |      0 |   1 |   11.0 |
         Sewer |    526 |    526 |      0 |      0 |    344 |   1 |  526.0 |
        Bailey |    560 |    560 |      0 |      0 |    312 |   1 |  560.0 |
      Gauntlet |    527 |    527 |      0 |      0 |    298 |   1 |  527.0 |
               +--------+--------+--------+--------+--------+-----+--------+

Top non-repeatable levels by time:
  Lair:4: 1749 daAuts
  Lair:5: 1747 daAuts
    D:12: 1429 daAuts
     D:8: 1344 daAuts
     D:5: 1304 daAuts
  Lair:3: 1290 daAuts
  Lair:1: 1184 daAuts
     D:9: 1074 daAuts
  Lair:2: 992 daAuts
     D:7: 982 daAuts
    D:10: 979 daAuts
     D:3: 965 daAuts
     D:2: 950 daAuts
     D:4: 948 daAuts
    D:13: 946 daAuts
